 Dungeon Crawl Stone Soup version 0.27-a0-1278-g6cbc8dfb29 (webtiles) character file.

Game seed: 16468910725032663930

81 avis the Skirmisher (level 4, -1/40 HPs)
             Began as a Hill Orc Fighter on June 13, 2021.
             Slain by an ogre (10 damage)
             ... on level 3 of the Dungeon.
             The game lasted 00:12:27 (3389 turns).

avis the Skirmisher (Hill Orc Fighter)              Turns: 3389, Time: 00:12:28

Health: -1/40      AC:  9    Str: 19    XL:     4   Next: 42%
Magic:  4/4        EV:  5    Int:  8    God:
Gold:   139        SH:  9    Dex: 10    Spells: 3/3 levels left

rFire    . . .     SeeInvis .   a - +0 war axe
rCold    . . .     Faith    .   c - +0 kite shield
rNeg     . . .     Spirit   .   g - +0 chain mail
rPois    .         Reflect  .   (no helmet)
rElec    .         Harm     .   (no cloak)
rCorr    .         Rampage  .   (no gloves)
Will     .....                  (no boots)
Stlth    ..........             (no amulet)
HPRegen  0.13/turn              (no ring)
MPRegen  0.09/turn              (no ring)

@: no status effects
A: no striking features
a: no special abilities


You were on level 3 of the Dungeon.
You visited 1 branch of the dungeon, and saw 4 of its levels.

You collected 139 gold pieces.

Inventory:

Hand Weapons
 a - a +0 war axe (weapon)
 b - a +1 short sword of venom
 r - a +0 hunting sling
Missiles
 f - 63 arrows
 k - a throwing net (quivered)
 p - 6 stones
Armour
 c - a +0 kite shield (worn)
 g - a +0 chain mail (worn)
 m - a +0 kite shield
Magical Staves
 l - a staff of conjuration
Scrolls
 i - 2 scrolls of identify {unknown}
 n - a scroll of noise {unknown}
 o - 2 scrolls of enchant armour {unknown}
Potions
 d - a potion of might
 e - a potion of cancellation {unknown}
 h - a potion of attraction {unknown}
 j - a potion of curing {unknown}
 s - a potion of heal wounds {unknown}


   Skills:
 + Level 4.3 Fighting
 * Level 4.3 Axes
 + Level 3.8 Armour
 + Level 3.8 Shields


You had 3 spell levels left.
You didn't know any spells.
Your spell library contained the following spells:

 Spells                   Type           Power      Damage    Failure   Level
 Magic Dart               Conj           0%         1d3       100%        1
 Blink                    Tloc           N/A        N/A       100%        2
 Call Imp                 Summ           0%         N/A       100%        2
 Slow                     Hex            0%         N/A       100%        2
 Conjure Flame            Conj/Fire      0%         6-21      100%        3
 Mephitic Cloud           Conj/Pois/Air  0%         N/A       100%        3


Dungeon Overview and Level Annotations

Branches:
Dungeon (4/15)
 Temple: D:4-7

Altars:
Makhleb
Zin

Shops:
D:3 [

Annotations:
D:3 3 runed translucent doors, ClockworkOrrery's ghost, amateur GrFi


Message History

You climb downwards.
There is a stone staircase leading up here.
You climb upwards.
Level annotation: 3 runed translucent doors, ClockworkOrrery's ghost, amateur GrFi
There is a stone staircase leading down here.
You see here a frilled lizard skeleton.
There is a stone staircase leading down here.
You climb downwards.
Found a stone staircase leading down.
There is a stone staircase leading up here.
You climb upwards.
Level annotation: 3 runed translucent doors, ClockworkOrrery's ghost, amateur GrFi
There is a stone staircase leading down here.
The ogre shouts!
An ogre is nearby!
You drop a purple potion.
Throw: 2 throwing nets
Press: ? - help, Q - select action, (/) - cycle Shift-Dir - straight line, f - ogre
Aim: an ogre, wielding a +0 giant club (73% to hit)
You throw a throwing net. The throwing net hits the ogre.
The ogre is caught in the net!
The ogre struggles against the net.
The ogre struggles against the net.
The ogre struggles against the net.
You catch the helpless ogre completely off-guard!
You hit the ogre but do no damage.
The ogre struggles against the net. x2
The net rips apart, and the ogre comes free!
You barely miss the ogre. The ogre hits you with a +0 giant club.
You slash the ogre!
The ogre is heavily wounded.
The ogre hits you with a +0 giant club!
You hit the ogre.
The ogre is severely wounded.
You block the ogre's attack.
You barely miss the ogre.
The ogre is severely wounded.
The ogre hits you with a +0 giant club!
* * * LOW HITPOINT WARNING * * *
The ogre hits you with a +0 giant club!
You die...

.##..##........#.......#≈≈≈≈≈####
.##..##........#......######≈≈≈≈≈
.##..##........#.......##≈≈≈#####
.##..##........#.......###≈≈# #
.##..##.....####.......#≈≈≈≈#####
.##..##.....# #.......###≈≈≈≈≈≈≈
.....#####..####.......#######≈≈≈
.##..##............!.........##≈≈
................@.............###
###..##........O.................
<##.............##.########.##...
.##..##..............)...........
.##..#####.#.##.##..####.#####.#.
.##..# #.#.##.##..# #.# #.#.
.....#####.#.##.##..####.#####.#.
.........(................<....#.
.##..#.##..#.##.##..####.#.#####.


You could see an ogre.

Vanquished Creatures
  2 adders
  A dart slug (D:3)
  4 bats
  2 endoplasms
  A giant cockroach (D:2)
  3 goblins (D:1)
  8 hobgoblins
  12 jackals
  4 quokkas
  4 ball pythons
  A frilled lizard (D:3)
  5 kobolds
  7 rats
54 creatures vanquished.

Notes
Turn   | Place    | Note
-------+----------+-------------------------------------------
     0 | D:1      | avis the Hill Orc Fighter began the quest for the Orb.
     0 | D:1      | Reached XP level 1. HP: 19/19 MP: 1/1
    88 | D:1      | Reached XP level 2. HP: 24/27 MP: 2/2
   837 | D:1      | Reached XP level 3. HP: 33/33 MP: 3/3
  1882 | D:3      | Found a runed translucent gate.
  1882 | D:3      | Found a runed translucent gate.
  1882 | D:3      | Found a runed translucent gate.
  1894 | D:3      | Reached XP level 4. HP: 38/40 MP: 4/4
  1920 | D:3      | Noticed ClockworkOrrery's ghost (amateur GrFi)
  2446 | D:3      | Found Xurphilo's Armour Emporium.
  2446 | D:3      | Noticed an ogre
  2992 | D:3      | Found a glowing silver altar of Zin.
  3101 | D:3      | Found a burning altar of Makhleb.
  3389 | D:3      | Slain by an ogre

Illustrated notes

Levels and vault maps discovered:
D:1:      minmay_arrival_three_doors, layout_basic, minmay_misc_feat_doors
D:2:      layout_rooms
D:3:      layout_basic, zin_treasury, lightli_temple_of_fire, serial_shops,
          nicolae_shop_behind_doors, gammafunk_ghost_icy,
          chequers_serial_rivers_large_b, bh_walls_and_bars
D:4:      layout_basic, amcnicky_altar_gilded, fiery_altar_vehumet,
          lexackson_kobold_supper

Skill      XL: |  1  2  3 |
---------------+----------+-----
Axes           | 3 4 |  4.3
Fighting       | 4 |  4.3
Armour         | |  3.8
Shields        | |  3.8

Action                   |  1- 3 |  4- 6 || total
-------------------------+-------+-------++-------
Melee: War axe           |   121 |    44 ||   165
       Short sword       |    13 |       ||    13
Throw: Throwing net      |       |     1 ||     1
 Stab: Held in net/web   |       |     1 ||     1
Armor: Scale mail        |    14 |       ||    14
       Chain mail        |    67 |    25 ||    92
Dodge: Dodged            |    43 |    14 ||    57
Block: Kite shield       |    69 |    23 ||    92

Table legend: (Time is in decaauts)
 A = Elapsed time spent in this place.
 B = Non-inter-level travel time spent in this place.
 C = Inter-level travel time spent in this place.
 D = Time resting spent in this place.
 E = Time spent auto-exploring this place.
 F = Levels seen in this place.
 G = Mean time per level.
                   A        B        C        D        E       F      G
               +--------+--------+--------+--------+--------+-----+--------+
         Total |   3510 |   3191 |    319 |    578 |   1749 |   4 |  877.5 |
       Dungeon |   3510 |   3191 |    319 |    578 |   1749 |   4 |  877.5 |
               +--------+--------+--------+--------+--------+-----+--------+

Top non-repeatable levels by time:
     D:3: 1477 daAuts
     D:1: 1158 daAuts
     D:2: 870 daAuts
     D:4: 4 daAuts
